AoeStats
← El_antipasto

Fortress

508034333Analyzed
4v4 RM · 13d ago on Sep 20, 2026· 80m 4s· 8 players
Game mode
Random Map
Map size
Huge
Population
200
Speed
Normal
Resources
Standard
Victory
Conquest
Starting age
Dark Age
Ending age
Imperial Age
RankedLock teamsTeams togetherTeam positionsShared explorationLock speedFull tech treeHidden civsTurbo modeCheats
Victory
Defeat
🇺🇸 Wei · United States
1208
+14
🇹🇷 Saracens · Türkiye
1199
+14
🇫🇷 Celts · France
1154
+16
🇦🇷 Spanish · Argentina
1090
+18
🇨🇳 Mongols · China
1210
-18
🇪🇸 Khmer · Spain
1132
-15
🇨🇳 Persians · China
1130
-15
🇨🇳 Byzantines · China
1125
-14
Valluska
0:52 Loom
1:48 Loom
7:31 Feudal Age
8:11 Double-Bit Axe
8:28 Horse Collar
12:57 Castle Age
11:10 Stone Mining
11:33 Gold Mining
15:01 Bow Saw
14:31 Pikeman
16:33 Heavy Plow
19:20 Scale Mail Armor
19:28 Padded Archer Armor
20:32 Elite Skirmisher
21:58 Wheelbarrow
22:21 Fletching
27:18 Ballistics
27:43 Murder Holes
29:36 Hand Cart
34:02 Imperial Age
35:06 Double Crossbow
35:06 Halberdier
37:41 Heavy Scorpion
43:54 Chemistry
44:58 Bodkin Arrow
45:18 Leather Archer Armor
46:55 Chemistry
48:23 Bracer
49:43 Chemistry
49:57 Forging
50:12 Conscription
65:05 Bloodlines
65:17 Husbandry
64:54 Light Cavalry
66:15 Hussar
uu
6:26 Feudal Age
11:17 Castle Age
9:51 Double-Bit Axe
9:54 Horse Collar
13:12 Heavy Plow
14:50 Loom
16:59 Wheelbarrow
17:32 Bow Saw
18:36 Hand Cart
19:28 Stone Mining
19:30 Gold Mining
21:27 Fletching
21:37 Padded Archer Armor
23:52 Stone Shaft Mining
23:55 Gold Shaft Mining
26:35 Imperial Age
26:21 Ballistics
26:48 Leather Archer Armor
26:28 Bodkin Arrow
28:54 Chemistry
28:00 Siege Engineers
28:04 Bracer
28:57 Elite Mangudai
30:02 Forging
29:57 Scale Barding Armor
30:55 Bloodlines
30:46 Husbandry
32:06 Fortified Wall
32:07 Masonry
33:14 Iron Casting
32:59 Chain Barding Armor
32:46 Caravan
34:05 Conscription
34:07 Drill
33:11 Pikeman
33:52 Squires
35:45 Elite Skirmisher
36:53 Parthian Tactics
36:35 Thumb Ring
35:55 Elite Steppe Lancer
37:53 Hoardings
38:24 Blast Furnace
41:05 Light Cavalry
44:20 Hussar
46:20 Capped Ram
48:34 Town Watch
49:34 Siege Ram
65:46 Coinage
73:31 Banking
zhenyy
7:33 Feudal Age
8:28 Double-Bit Axe
11:35 Castle Age
10:07 Horse Collar
13:30 Bow Saw
13:57 Fletching
16:49 Loom
19:55 Bodkin Arrow
22:49 Wheelbarrow
22:06 Elite Skirmisher
30:16 Imperial Age
29:26 Heavy Plow
29:57 Pikeman
30:41 Squires
31:05 Ballistics
30:57 Fortified Wall
30:56 Scale Barding Armor
30:53 Padded Archer Armor
31:03 Forging
30:56 Scale Mail Armor
31:31 Hand Cart
32:06 Bracer
32:21 Leather Archer Armor
32:41 Gold Mining
32:42 Stone Mining
33:31 Iron Casting
34:31 Conscription
34:39 Conscription
34:29 Halberdier
35:19 Scale Barding Armor
37:33 Chemistry
37:08 Chain Mail Armor
38:01 Arson
39:00 Man-at-Arms
39:26 Gambesons
40:29 Logistica
41:00 Gold Shaft Mining
41:13 Thumb Ring
41:36 Chain Barding Armor
41:47 Plate Mail Armor
41:47 Ring Archer Armor
41:35 Elite Cataphract
43:09 Capped Ram
44:56 Plate Barding Armor
44:03 Siege Ram
48:37 Long Swordsman
61:03 Crop Rotation
60:36 Light Cavalry
62:16 Hussar
64:27 Treadmill Crane
69:26 Caravan
71:48 Two-Handed Swordsman
所以狼
6:54 Feudal Age
11:40 Castle Age
10:47 Double-Bit Axe
11:09 Horse Collar
18:41 Bloodlines
19:36 Husbandry
22:03 Husbandry
21:29 Light Cavalry
25:28 Scale Barding Armor
25:59 Forging
27:02 Wheelbarrow
26:12 Loom
26:13 Town Watch
31:45 Imperial Age
30:59 Stone Mining
30:59 Gold Mining
33:38 Heavy Plow
35:40 Chain Barding Armor
35:56 Iron Casting
37:07 Plate Barding Armor
41:10 Hussar
43:58 Conscription
48:45 Heavy Camel Rider
63:02 Blast Furnace
66:59 Fletching
67:09 Padded Archer Armor
70:39 Bow Saw
71:04 Parthian Tactics
70:00 Heavy Cavalry Archer
70:47 Thumb Ring
70:42 Bodkin Arrow
71:02 Leather Archer Armor
73:53 Chemistry
73:14 Ballistics
73:29 Ring Archer Armor
BachWagner
7:56 Feudal Age
8:28 Horse Collar
8:34 Double-Bit Axe
13:30 Castle Age
12:03 Gold Mining
13:17 Scale Barding Armor
13:23 Forging
13:36 Loom
16:15 Gold Shaft Mining
17:19 Wheelbarrow
19:55 Bloodlines
19:45 Husbandry
20:05 Husbandry
21:16 Stone Mining
28:27 Imperial Age
27:52 Chain Barding Armor
28:07 Iron Casting
29:28 Bow Saw
31:07 Bimaristan
31:18 Conscription
33:19 Hand Cart
34:29 Blast Furnace
34:05 Plate Barding Armor
34:42 Two-Man Saw
34:18 Town Watch
35:14 Sanctity
38:17 Elite Mameluke
43:48 Masonry
43:43 Siege Engineers
44:37 Town Patrol
44:52 Caravan
50:37 Light Cavalry
55:17 Padded Archer Armor
56:54 Hussar
58:11 Onager
60:24 Siege Onager
62:53 Chemistry
66:20 Counterweights
68:40 Fletching
79:04 Bodkin Arrow
79:25 Leather Archer Armor
79:10 Scale Mail Armor
79:08 Murder Holes
79:34 Ballistics
agiardpro
7:59 Feudal Age
8:25 Double-Bit Axe
8:21 Horse Collar
8:53 Loom
14:40 Castle Age
15:32 Bow Saw
15:24 Heavy Plow
17:27 Stone Mining
21:37 Arson
21:52 Gold Mining
23:37 Gambesons
24:07 Forging
23:57 Scale Mail Armor
26:21 Stone Shaft Mining
27:27 Murder Holes
31:14 Imperial Age
29:24 Wheelbarrow
29:42 Ballistics
30:59 Iron Casting
30:39 Chain Mail Armor
30:16 Fletching
32:19 Conscription
31:58 Elite Woad Raider
32:02 Capped Ram
34:10 Furor Celtica
35:03 Plate Mail Armor
35:35 Siege Ram
37:42 Blast Furnace
42:00 Man-at-Arms
42:41 Pikeman
42:42 Long Swordsman
43:39 Two-Handed Swordsman
44:11 Halberdier
44:51 Champion
48:03 Caravan
51:34 Heavy Scorpion
70:06 Fortified Wall
70:07 Masonry
70:02 Siege Engineers
80:28 Bodkin Arrow
80:33 Padded Archer Armor
81:06 Coinage
80:49 Guilds
80:57 Hand Cart
80:28 Town Watch
Zenar
8:48 Feudal Age
12:44 Castle Age
11:07 Double-Bit Axe
11:17 Horse Collar
11:43 Gold Mining
12:05 Stone Mining
14:29 Wheelbarrow
13:58 Heavy Plow
14:13 Bow Saw
14:49 Heavy Plow
16:50 Loom
16:57 Loom
25:10 Imperial Age
24:15 Scale Barding Armor
24:40 Bloodlines
24:30 Husbandry
25:52 Chain Barding Armor
25:42 Forging
24:54 Light Cavalry
26:21 Conscription
26:26 Ming Guang Armor
25:54 Heavy Hei Guang Cavalry
27:28 Iron Casting
29:26 Blast Furnace
29:26 Gold Shaft Mining
29:29 Stone Shaft Mining
30:23 Fletching
33:41 Ballistics
34:22 Chemistry
33:20 Murder Holes
33:08 Treadmill Crane
33:38 Fortified Wall
33:26 Light Cavalry
34:10 Padded Archer Armor
34:05 Bodkin Arrow
35:29 Hand Cart
35:45 Bracer
36:00 Leather Archer Armor
36:48 Crop Rotation
36:31 Tuntian
36:44 Hussar
39:39 Capped Ram
41:30 Town Watch
41:43 Siege Ram
49:49 Caravan
59:59 Ring Archer Armor
59:04 Elite Skirmisher
59:56 Thumb Ring
61:00 Ballistics
60:52 Masonry
65:31 Scale Mail Armor
67:39 Coinage
68:17 Pikeman
68:57 Squires
73:49 Town Patrol
74:07 Chain Mail Armor
80:09 Banking
El_antipasto
5:10 Loom
7:32 Feudal Age
11:30 Castle Age
9:55 Double-Bit Axe
10:28 Horse Collar
16:12 Bow Saw
17:03 Town Watch
23:22 Heavy Plow
26:06 Wheelbarrow
29:13 Hand Cart
33:12 Imperial Age
31:08 Forging
31:28 Scale Barding Armor
32:34 Iron Casting
33:38 Chain Barding Armor
33:52 Husbandry
34:04 Bloodlines
33:24 Cavalier
35:33 Chemistry
37:00 Two-Man Saw
36:41 Bombard Tower
38:58 Scale Mail Armor
40:20 Supremacy
45:45 Sanctity
45:45 Block Printing
45:44 Fervor
45:38 Devotion
46:21 Theocracy
47:42 Redemption
50:31 Illumination
50:03 Herbal Medicine
50:39 Sanctity
55:37 Pikeman
56:17 Squires
56:03 Arson
57:26 Chain Mail Armor
58:12 Blast Furnace
57:25 Halberdier
58:48 Plate Mail Armor
70:44 Man-at-Arms
71:13 Gambesons
72:33 Long Swordsman
73:33 Two-Handed Swordsman
75:39 Champion
78:11 Plate Barding Armor
77:54 Town Patrol
Connection lost

Rejoining the realm…

Still unreachable

The connection could not be restored.

Session expired

The server has moved on; the page needs a fresh start.